 Dungeon Crawl Stone Soup version 0.29.1-1-gd02db6906a (webtiles) character file.

Game seed: 11738998118842041371

1864 bigdar the Cleaver (level 8, -5/64 (68) HPs)
             Began as a Minotaur Gladiator on Oct 11, 2022.
             Was a Believer of Okawaru.
             Slain by a wight
             ... wielding a +2 long sword
              (6 damage)
             ... on level 4 of the Dungeon.
             The game lasted 00:18:41 (8301 turns).

bigdar the Cleaver (Minotaur Gladiator)             Turns: 8301, Time: 00:18:46

HP:   -5/64 (68)    AC: 10    Str: 21    XL:     8   Next: 90%
MP:   7/7           EV:  9    Int:  9    God:    Okawaru [**....]
Gold: 327           SH:  5    Dex: 12    Spells: 7/7 levels left

rFire   + . .      SeeInvis .   l - +7 hand axe "Dabyec" {vorpal, Int+4 Stlth+}
rCold   . . .      Faith    .   (no shield)
rNeg    . . .      Spirit   .   E - +0 chain mail
rPois   .          Reflect  +   c - +0 hat
rElec   .          Harm     .   (no cloak)
rCorr   .          Rampage  .   (no gloves)
Will    .....                   (no boots)
Stlth   ..........              u - amulet of reflection
HPRegen 0.20/turn               h - ring of protection from cold
MPRegen 0.10/turn               m - ring of fire

@: mighty, drained
A: horns 2, retaliatory headbutt
a: Renounce Religion, Heroism


You were on level 4 of the Dungeon.
You worshipped Okawaru.
Okawaru was pleased with you.
You visited 2 branches of the dungeon, and saw 7 of its levels.

You collected 327 gold pieces.

Inventory:

Hand Weapons
 l - the +7 hand axe "Dabyec" (weapon) {vorpal, Int+4 Stlth+}
   (You found it on level 2 of the Dungeon)

   It inflicts extra damage upon your enemies.
   Int:       It affects your intelligence (+4).
   Stlth:     It makes you more stealthy.
 w - a +3 club
 D - a +0 dire flail of protection
 F - a +2 short sword of venom
Missiles
 d - 3 throwing nets (quivered)
 e - a javelin
 s - 3 boomerangs
Armour
 c - a +0 hat (worn)
 E - a +0 chain mail (worn)
Magical Staves
 y - a staff of air
Jewellery
 a - a ring of flight
 h - a ring of protection from cold (left hand)
 m - a ring of fire (right hand)
 u - an amulet of reflection (around neck)
 z - an amulet of magic regeneration
Wands
 v - a wand of digging (3)
 A - a wand of iceblast (9)
 B - a wand of polymorph (7)
 G - a wand of flame (20)
Scrolls
 b - 2 scrolls of noise
 i - a scroll of torment
 o - a scroll of acquirement {unknown}
 q - a scroll of blinking {unknown}
 C - a scroll of teleportation {unknown}
Potions
 f - 4 potions of brilliance
 j - a potion of ambrosia {unknown}
 k - 3 potions of lignification
 n - a potion of degeneration {unknown}
 p - a potion of heal wounds {unknown}
 r - a potion of attraction {unknown}
 t - a potion of might
 x - a potion of mutation {unknown}


   Skills:
 + Level 5.3 Fighting
 + Level 8.7 Axes
 + Level 2.3 Throwing
 + Level 8.0 Armour
 + Level 4.7 Dodging
 + Level 3.3 Stealth
 + Level 0.1 Evocations


You had 7 spell levels left.
You didn't know any spells.
Your spell library contained the following spells:

 Spells                   Type           Power      Damage    Failure   Level
 Slow                     Hex            0%         N/A       96%         1
 Poisonous Vapours        Pois/Air       0%         N/A       99%         2
 Confusing Touch          Hex            0%         N/A       100%        3
 Ignite Poison            Fire/Tmut/Pois 0%         N/A       100%        3
 Mephitic Cloud           Conj/Pois/Air  0%         N/A       100%        3
 Vampiric Draining        Necr           0%         2d6       100%        3
 Corpse Rot               Necr/Pois/Air  0%         N/A       100%        4
 Freezing Cloud           Conj/Ice/Air   0%         6-21      100%        5
 Borgnjor's Revivificati  Necr           0%         N/A       100%        8
 Necromutation            Tmut/Necr      0%         N/A       100%        8
 Death's Door             Necr           0%         N/A       100%        9


Dungeon Overview and Level Annotations

Branches:
Dungeon (6/15)             Temple (1/1) D:5

Altars:
Ashenzari
Cheibriados
Dithmenos
Elyvilon
Fedhas
Gozag
Hepliaklqana
Kikubaaqudgha
Makhleb
Nemelex Xobeh
Okawaru
Qazlal
Ru
Sif Muna
Trog
Uskayaw
Vehumet
Wu Jian
Yredelemnul
Zin
The Shining One

Shops:
D:4 :

Annotations:
D:4 1 transporter


Innate Abilities, Weirdness & Mutations

You have a pair of horns on your head.
You reflexively headbutt those who attack you in melee.


Message History

You feel drained.
You hit Menkaure.
Menkaure is severely damaged.
You hit the wight but do no damage. You hit the necrophage.
Menkaure calls on the powers of darkness!
Your body is wracked with pain!
* * * LOW HITPOINT WARNING * * *
You block the necrophage's attack.
The wight hits you with a +2 long sword!
* * * LOW HITPOINT WARNING * * *
Menkaure closely misses you. You furiously retaliate!
You headbutt Menkaure, but do no damage.
You feel better. The necrophage closely misses you.
The wight hits you with a +2 long sword.
* * * LOW HITPOINT WARNING * * *
Menkaure completely misses you.
You feel better. You block the necrophage's attack.
The wight hits you with a +2 long sword.
* * * LOW HITPOINT WARNING * * *
You feel drained.
* * * LOW HITPOINT WARNING * * *
Menkaure completely misses you.
You feel better.
Menkaure points at you and mumbles some strange words.
Pain shoots through your body!
* * * LOW HITPOINT WARNING * * *
You block the necrophage's attack. You block the wight's attack.
You feel very mighty all of a sudden.
Menkaure calls on the powers of darkness!
Your body is wracked with pain!
* * * LOW HITPOINT WARNING * * *
The necrophage hits you but does no damage.
You block the wight's attack.
You slash Menkaure!
You destroy Menkaure!
Okawaru accepts your kill.
You hit the wight. You barely miss the necrophage. The necrophage hits you.
* * * LOW HITPOINT WARNING * * *
The wight hits you with a +2 long sword.
You die...

#..# ###....#########
...# ##...........# #.##
##...##...##.#### #.#
#.......©.......# #.#
#.#############.# #.#
##.#.....$.....#.# ..#
##..#...:.......#.# ###
##...#..##..n##..#.#
.####....#$.#8?.@8#..#.#
....'....#..##.z.##..#.#
.####....#(....©.....#.#
## ##...#..##...##..#.#
# ##..#..#8...8#..#.# ##
##.#..##...##..#.# .#
#.#...........#.# .#
#.#©($_}⌠(_$).#.# .#
#.#############.#


You could see a necrophage and a wight.

Vanquished Creatures
  A steam dragon (D:6)
  Menkaure (D:4)
  Edmund (D:6)
  3 water moccasins (D:5)
  An orc warrior (D:6)
  2 black bears
  An ogre (D:4)
  A phantom (D:4)
  A kobold brigand (D:6)
  A bullfrog (D:6)
  2 scorpions (D:5)
  An orc priest (D:6)
  4 hounds
  A gnoll bouda (D:5)
  A jelly (D:6)
  Jessica (D:3)
  A scorpion zombie (D:4)
  An iguana (D:5)
  An orc wizard (D:6)
  10 gnolls
  9 adders
  3 worms
  4 dart slugs
  12 orcs
  10 bats
  5 endoplasms
  3 giant cockroaches
  8 goblins
  6 hobgoblins
  4 jackals (D:1)
  12 kobolds
  4 quokkas
  11 ball pythons
  5 frilled lizards
  7 rats
139 creatures vanquished.

Vanquished Creatures (others)
  2 gnolls (D:6)
  3 plants (D:2)
5 creatures vanquished.

Grand Total: 144 creatures vanquished

Notes
Turn   | Place    | Note
-------+----------+-------------------------------------------
     0 | D:1      | bigdar the Minotaur Gladiator began the quest for the Orb.
     0 | D:1      | Reached XP level 1. HP: 18/18 MP: 0/0
   105 | D:1      | Reached XP level 2. HP: 14/25 MP: 1/1
   784 | D:1      | Found a faded altar of an unknown god.
   959 | D:1      | Reached XP level 3. HP: 29/30 MP: 2/2
  1472 | D:2      | Identified the +7 hand axe "Dabyec" {vorpal, Int+4 Stlth+}
  1586 | D:2      | Reached skill level 1 in Armour
  1654 | D:2      | Reached XP level 4. HP: 31/38 MP: 3/3
  2446 | D:3      | Reached skill level 1 in Stealth
  2728 | D:3      | Noticed Jessica
  2732 | D:3      | Killed Jessica
  2733 | D:3      | Reached skill level 5 in Axes
  2733 | D:3      | Reached XP level 5. HP: 26/45 MP: 4/4
  3408 | D:4      | Noticed a phantom
  3431 | D:4      | Killed a phantom
  3454 | D:4      | Reached XP level 6. HP: 25/51 MP: 5/5
  3827 | D:4      | Found Vahoisou's Tremendous Tomes.
  3938 | D:4      | Found a hazy altar of Hepliaklqana.
  4036 | D:4      | Found an ancient bone altar of Kikubaaqudgha.
  4037 | D:4      | Found a transporter.
  4044 | D:4      | Noticed Menkaure
  4046 | D:4      | Found a basalt altar of Yredelemnul.
  4066 | D:4      | Found a transporter.
  4581 | D:5      | Entered Level 5 of the Dungeon
  4649 | D:5      | Reached XP level 7. HP: 58/58 MP: 6/6
  4998 | D:5      | Found a staircase to the Ecumenical Temple.
  5013 | Temple   | Entered the Ecumenical Temple
  5271 | Temple   | Became a worshipper of Warmaster Okawaru
  5568 | D:5      | Found a bloodstained altar of Trog.
  5886 | D:5      | Reached skill level 5 in Armour
  5888 | D:5      | Found a snail-covered altar of Cheibriados.
  5895 | D:5      | Reached XP level 8. HP: 22/67 MP: 7/7
  6593 | D:6      | Reached * piety under Okawaru
  6966 | D:6      | Noticed Edmund
  6974 | D:6      | Killed Edmund
  7005 | D:6      | Reached skill level 5 in Fighting
  7599 | D:6      | Reached ** piety under Okawaru
  8301 | D:4      | Killed Menkaure
  8301 | D:4      | HP: 1/64 [necrophage (3)]
  8301 | D:4      | Slain by a wight

Illustrated notes

Levels and vault maps discovered:
D:1:      zelgadis_glass_arrival_small, layout_basic,
          shapermc_ecumenical_altar_petra
D:2:      cheibrodos_old_hovel, layout_basic
D:3:      layout_basic, uniq_jessica
D:4:      wander_river, layout_loops_corners, nicolae_hepliaklqana_hippocampus,
          gammafunk_temple_of_torment, nicolae_shop_i_like_big_books
D:5:      layout_basic, bloody_trog, nicolae_overflow_crystal_walls,
          minmay_temple_entry_crystal_x, nicolae_concentric_dashed_squares_mild,
          uniq_menkaure
D:6:      layout_loops_cross, uniq_edmund
Temple:   nicolae_temple_slightly_damp_pantheon

Skill      XL: |  1  2  3  4  5  6  7  8 |
---------------+-------------------------+-----
Axes           | 4 5 6 7 8 |  8.7
Armour         | 1 2 3 5 8 |  8.0
Fighting       | 3 4 5 |  5.3
Stealth        | 1 2 3 |  3.3
Dodging        | 4 |  4.7
Throwing       | |  2.3
Evocations     | |  0.1

Action                   |  1- 3 |  4- 6 |  7- 9 || total
-------------------------+-------+-------+-------++-------
Melee: War axe           |    45 |       |       ||    45
       Headbutt          |    10 |     9 |    20 ||    39
       Hand axe          |    27 |    81 |   125 ||   233
       Punch             |       |     1 |     2 ||     3
Evoke: Wand              |       |     1 |       ||     1
  Use: Scroll            |       |     4 |     2 ||     6
       Potion            |       |       |     7 ||     7
 Stab: Held in net/web   |     1 |       |       ||     1
       Sleeping          |     1 |     6 |       ||     7
Armor: Leather armour    |    28 |    18 |       ||    46
       Scale mail        |       |       |    38 ||    38
       Chain mail        |       |       |    28 ||    28
Dodge: Dodged            |    61 |    56 |    75 ||   192
Block: Other             |       |       |     9 ||     9
